 Dungeon Crawl Stone Soup version 0.29.1-2-gbd0b4ee654 (webtiles) character file.

Game seed: 13949552641964834389

26553 qeuew the Tortoise (level 13, -2/124 HPs)
             Began as a Hill Orc Monk on Nov 2, 2022.
             Was an Initiate of Makhleb.
             Slain by a two-headed ogre
             ... wielding a +0 dire flail
              (13 damage)
             ... on level 2 of the Orcish Mines.
             The game lasted 00:42:18 (13409 turns).

qeuew the Tortoise (Hill Orc Monk)                 Turns: 13409, Time: 00:42:19

Health: -2/124     AC: 17    Str: 15    XL:     13   Next: 26%
Magic:  21/21      EV:  9    Int: 10    God:    Makhleb [......]
Gold:   2068       SH:  5    Dex: 17    Spells: 12/12 levels left

rFire   . . .      SeeInvis +   e - +0 hand axe (venom)
rCold   . . .      Faith    .   C - +0 buckler
rNeg    + . .      Spirit   .   k - +2 chain mail {Will+}
rPois   .          Reflect  .   (no helmet)
rElec   .          Harm     .   (no cloak)
rCorr   .          Rampage  .   i - +0 pair of gloves
Will    +....                   (no boots)
Stlth   ..........              z - amulet of regeneration
HPRegen 1.90/turn               m - ring of positive energy
MPRegen 0.17/turn               A - ring of see invisible

@: marked, invisible
A: regeneration 1, robust 1
a: Renounce Religion


You were on level 2 of the Orcish Mines.
You worshipped Makhleb.
Makhleb was noncommittal.
You visited 3 branches of the dungeon, and saw 16 of its levels.

You collected 2439 gold pieces.
You spent 371 gold pieces at shops.

Inventory:

Hand Weapons
 e - a +0 hand axe of venom (weapon)
 B - the +1 trident of Somec {freeze, *Slow rF+++ rN+++ Will-}
   (You took it off a skeletal warrior on level 12 of the Dungeon)

   It freezes those it strikes, dealing additional cold damage.
   It can also slow down cold-blooded creatures.
   rF:        It renders you almost immune to fire.
   rN:        It renders you almost immune to negative energy.
   *Slow:     It may slow you when you take damage.
   Will:      It decreases your willpower.
 F - a +2 demon trident of draining
Armour
 i - a +0 pair of gloves (worn)
 k - a +2 chain mail of willpower (worn)
 C - a +0 buckler (worn)
Jewellery
 m - a ring of positive energy (left hand)
 z - an amulet of regeneration (around neck)
 A - a ring of see invisible (right hand)
 D - an amulet of reflection
 E - a ring of positive energy
 G - an amulet of the acrobat
Wands
 a - a wand of roots (6)
 o - a wand of digging (11)
 v - a wand of flame (5) (quivered)
 w - a wand of mindburst (10)
 x - a wand of paralysis (20)
 y - a wand of acid (9)
Scrolls
 b - 3 scrolls of identify
 g - 2 scrolls of silence
 h - 2 scrolls of amnesia
 j - 3 scrolls of enchant armour
 p - a scroll of enchant weapon
 q - 4 scrolls of fog
 s - a scroll of magic mapping
Potions
 c - 5 potions of curing
 f - a potion of flight
 l - a potion of heal wounds
 n - 5 potions of might
 t - 2 potions of mutation
 u - a potion of magic


   Skills:
 + Level 10.2 Fighting
 + Level 13.7 Axes
 + Level 15.4 Armour
 + Level 4.6 Dodging
 - Level 1.5 Stealth
 * Level 4.7 Shields
 * Level 11.5 Invocations
 + Level 1.5 Evocations


You had 12 spell levels left.
You didn't know any spells.
Your spell library contained the following spells:

 Spells                   Type           Power      Damage    Failure   Level
 Apportation              Tloc           0%         N/A       99%         1
 Necrotise                Necr           0%         1d4       99%         1
 Shock                    Conj/Air       0%         1d3       99%         1
 Summon Small Mammal      Summ           0%         N/A       99%         1
 Sublimation of Blood     Necr           0%         N/A       99%         2
 Wereblood                Tmut           0%         N/A       99%         2
 Inner Flame              Hex/Fire       0%         N/A       100%        3
 Portal Projectile        Hex/Tloc       0%         N/A       100%        3
 Stone Arrow              Conj/Erth      0%         3d7       100%        3
 Summon Guardian Golem    Hex/Summ       0%         N/A       100%        3
 Swiftness                Air            0%         N/A       100%        3
 Tukima's Dance           Hex            0%         N/A       100%        3
 Vampiric Draining        Necr           0%         2d6       100%        3
 Airstrike                Air            0%         2d(0-16)  100%        4
 Animate Armour           Summ/Erth      0%         N/A       100%        4
 Animate Dead             Necr           0%         N/A       100%        4
 Cause Fear               Hex            0%         N/A       100%        4
 Passage of Golubria      Tloc           0%         N/A       100%        4
 Agony                    Necr           0%         N/A       100%        5
 Blade Hands              Tmut           0%         N/A       100%        5
 Lee's Rapid Deconstruct  Erth           0%         3d5*      100%        5
 Yara's Violent Unravell  Hex/Tmut       0%         3d3       100%        5
 Iron Shot                Conj/Erth      0%         9d1       100%        6
 Haunt                    Necr/Summ      0%         N/A       100%        7
 Orb of Destruction       Conj           0%         9d5       100%        7
 Spellforged Servitor     Conj/Summ      0%         N/A       100%        7
 Summon Hydra             Summ           0%         N/A       100%        7
 Discord                  Hex            0%         N/A       100%        8
 Infestation              Necr           0%         N/A       100%        8
 Lehudib's Crystal Spear  Conj/Erth      0%         10d2      100%        8


Dungeon Overview and Level Annotations

Branches:
Dungeon (13/15)            Temple (1/1) D:5            Lair (0/5) D:10
    Orc (2/2) D:9             Elf (0/3) Orc:2        Vaults (0/5) D:13

Altars:
Ashenzari
Cheibriados
Elyvilon
Fedhas
Gozag
Hepliaklqana
Kikubaaqudgha
Makhleb
Okawaru
Qazlal
Ru
Sif Muna
Trog
Uskayaw
Vehumet
Wu Jian
Xom
Yredelemnul
Zin
The Shining One
Beogh

Shops:
D:12 *   Orc:1 ?   Orc:2 (=!*


Innate Abilities, Weirdness & Mutations

Your natural rate of healing is unusually fast.
You are robust. (+10% HP)


Message History

There is an entrance to Femutt's Weapon Emporium here.
You're too confused to move!
The orc priest mumbles some strange prayers to Beogh against you.
The orc priest's attack snaps the ogre out of its fear.
The ogre writhes in agony.
The orc warrior shoots a bolt.
The bolt hits the orc priest!
The ogre hits you with a +0 giant club!
* * * LOW HITPOINT WARNING * * *
You feel less invigorated.
You feel less confused.
The orc priest invokes the aid of Beogh against you.
Beogh smites you!
* * * LOW HITPOINT WARNING * * *
The ogre shouts, "No!
I'll never do that again!"
The ogre closely misses you.
The orc warrior shoots a bolt.
The bolt barely misses the orc priest.
You block the bolt.
The orc priest hits you with a +0 hand axe.
* * * LOW HITPOINT WARNING * * *
The two-headed ogre hits you with a +0 dire flail!
* * * LOW HITPOINT WARNING * * *
The two-headed ogre hits you with a +0 giant club.
* * * LOW HITPOINT WARNING * * *
The ogre barely misses you.
Okay, then.
As you read the scroll of fear, it crumbles to dust.
You assume a fearsome visage.
The two-headed ogre looks frightened!
The ogre looks frightened!
The two-headed ogre looks frightened!
The ogre looks frightened! x3; The two-headed ogre looks frightened!
The ogre looks frightened!
The orc warrior looks frightened! x2
The orc priest looks frightened!
The orc warrior looks frightened! x2
The ogre yells at you, "GO AWAY!"
You slash the ogre!
The ogre is poisoned.
Your attack snaps the ogre out of its fear.
The ogre is severely wounded.
You hit the two-headed ogre.
The two-headed ogre is poisoned.
Your attack snaps the two-headed ogre out of its fear.
You hit the orc warrior but do no damage.
The orc warrior is poisoned.
Your attack snaps the orc warrior out of its fear.
The two-headed ogre hits you with a +0 dire flail!
You die...

............#........###.##
#...>...O........[.## ...
O.......O....o.o.... ...
............oOO..... ...
............O.O..... ..
######OO####### #
###....O)oo....##
#......Oo..$.....
....)..@O........
........∩∩.......
........∩O.......
.................
#................
###..........O.##
######..###### .... .....


You could see 3 two-headed ogres, an orc sorcerer, 4 orc warriors, 7 ogres and
an orc priest (unable to see you, fleeing).

Vanquished Creatures
  A vault guard (D:13)
  An ogre mage (Orc:2)
  A boulder beetle (D:11)
  A death knight (D:12)
  7 two-headed ogres
  2 orc sorcerers (Orc:2)
  Maggie (D:10)
  Psyche (D:10)
  A komodo dragon (D:10)
  2 tormentors (D:12)
  3 trolls
  A wyvern (D:10)
  A wraith (D:11)
  7 yaks
  Eustachio (D:4)
  A ynoxinul (D:12)
  A basilisk (D:12)
  2 wargs
  7 orc warriors
  12 ogres
  2 phantoms
  A centaur (D:10)
  A gnoll sergeant (D:7)
  A scorpion (D:5)
  4 killer bees
  5 howler monkeys
  2 hounds
  6 orc priests
  2 jellies (D:8)
  2 iguanas
  4 orc wizards
  An adder (D:4)
  6 gnolls
  2 shadow imps (D:5)
  3 worms
  6 dart slugs
  8 orcs
  6 endoplasms
  2 giant cockroaches
  6 goblins
  7 hobgoblins
  12 kobolds
  3 quokkas
  5 ball pythons
  5 bats
  4 frilled lizards
  10 rats
  A bush (D:12)
171 creatures vanquished.

Vanquished Creatures (collateral kills)
  An orc warlord (Orc:2)
  The ghost of nshep25 the Severer, a journeyman MiFi of Gozag (Orc:1)
  Snorg (D:10)
  The ghost of mkat the Skirmisher, a journeyman DrMo of Hepliaklqana (D:12)
  A vault guard (D:13)
  2 boulder beetles
  2 ogre magi
  2 centaur warriors (D:13)
  A death knight (D:12)
  8 two-headed ogres
  A skeletal warrior (D:12)
  2 cyclopes
  An orc sorcerer (Orc:1)
  A manticore (D:13)
  2 gargoyles
  An unseen horror (D:12)
  A freezing wraith (D:12)
  2 komodo dragons (D:10)
  4 trolls
  A hornet (D:9)
  A slime creature (D:13)
  3 wraiths (D:12)
  2 wyverns
  A vampire mosquito (D:13)
  A human (shapeshifter) (D:10)
  7 yaks
  2 basilisks
  2 steam dragons
  6 wargs
  An acid dragon (D:11)
  A water moccasin (D:7)
  3 orc warriors
  A sky beast (D:7)
  A black bear (D:7)
  7 ogres
  3 centaurs
  A phantom (D:5)
  A kobold brigand (D:8)
  Blork the orc (D:5)
  2 bullfrogs
  A scorpion (D:5)
  A gnoll sergeant (D:6)
  A necrophage (D:7)
  3 wights (D:6)
  5 killer bees
  A howler monkey (D:12)
  A hound (D:6)
  4 orc priests
  5 orc wizards
  2 adders (D:6)
  5 gnolls
  A shadow imp (D:7)
  2 white imps (D:6)
  8 orcs
  2 ball pythons (D:4)
  An endoplasm (D:4)
126 creatures vanquished.

Vanquished Creatures (others)
  3 orc knights
  8 orc priests
  7 orc warriors
  2 orc wizards (Orc:2)
  33 orcs
  4 fungi (D:5)
  7 plants
  4 toadstools (D:5)
68 creatures vanquished.

Grand Total: 365 creatures vanquished

Notes
Turn   | Place    | Note
-------+----------+-------------------------------------------
     0 | D:1      | qeuew the Hill Orc Monk began the quest for the Orb.
     0 | D:1      | Reached XP level 1. HP: 19/19 MP: 1/1
   156 | D:1      | Reached XP level 2. HP: 27/27 MP: 2/2
   407 | D:1      | Reached skill level 1 in Armour
   410 | D:1      | Reached XP level 3. HP: 33/33 MP: 3/3
  1070 | D:1      | Found a faded altar of an unknown god.
  1266 | D:1      | Prayed at the altar of an unknown god.
  1266 | D:1      | Became a worshipper of Beogh the Brigand
  1266 | D:1      | Reached * piety under Beogh
  1266 | D:1      | Reached ** piety under Beogh
  1542 | D:2      | Reached *** piety under Beogh
  2150 | D:3      | Reached XP level 4. HP: 40/40 MP: 4/4
  2999 | D:4      | Reached skill level 5 in Axes
  3244 | D:4      | Reached skill level 2 in Armour
  3247 | D:4      | Reached skill level 1 in Invocations
  3254 | D:4      | Reached XP level 5. HP: 44/46 MP: 4/6
  3518 | D:4      | Noticed Eustachio
  3532 | D:4      | Killed Eustachio
  3533 | D:4      | Reached skill level 3 in Armour
  3533 | D:4      | Reached XP level 6. HP: 29/53 MP: 3/7
  3925 | D:5      | Entered Level 5 of the Dungeon
  3989 | D:5      | Reached skill level 4 in Armour
  4198 | D:5      | Reached XP level 7. HP: 45/60 MP: 5/9
  4296 | D:5      | Noticed Blork the orc
  4306 | D:5      | Killed Blork the orc
  4594 | D:5      | Reached **** piety under Beogh
  4595 | D:5      | Reached skill level 5 in Armour
  4619 | D:5      | Found a staircase to the Ecumenical Temple.
  4835 | D:5      | Reached skill level 5 in Fighting
  5047 | D:5      | Noticed a yak
  5048 | D:5      | Noticed a yak
  5048 | D:5      | Noticed a yak
  5049 | D:5      | Noticed a yak
  5050 | D:5      | Noticed a yak
  5064 | D:5      | Killed a yak
  5065 | D:5      | Reached XP level 8. HP: 36/68 MP: 6/11
  5073 | D:5      | Killed a yak
  5074 | D:5      | Reached skill level 6 in Armour
  5086 | D:5      | Killed a yak
  5094 | D:5      | Killed a yak
  5100 | D:5      | Killed a yak
  5101 | D:5      | Reached skill level 7 in Armour
  5242 | D:5      | Identified a scroll of acquirement
  5242 | D:5      | Acquired 969 gold pieces
  5498 | D:6      | Reached skill level 5 in Invocations
  5574 | D:6      | Reached XP level 9. HP: 52/75 MP: 7/13
  5580 | D:6      | Reached skill level 8 in Armour
  5938 | D:6      | Gained mutation: Your natural rate of healing is unusually
                  | fast. [potion of mutation]
  5938 | D:6      | Gained mutation: You are robust. (+10% HP) [potion of
                  | mutation]
  6794 | D:7      | Noticed a gargoyle
  6802 | D:7      | Killed a gargoyle
  6803 | D:7      | Reached skill level 9 in Armour
  7596 | D:8      | Found a glowing golden altar of the Shining One.
  7936 | D:9      | Noticed a hornet
  7943 | D:9      | Killed a hornet
  7944 | D:9      | Reached skill level 10 in Armour
  7993 | D:9      | Noticed a gargoyle
  8005 | D:9      | Reached XP level 10. HP: 39/92 MP: 3/14
  8013 | D:9      | Killed a gargoyle
  8126 | D:9      | Found a staircase to the Orcish Mines.
  8922 | D:10     | Entered Level 10 of the Dungeon
  9025 | D:10     | Reached skill level 10 in Axes
  9025 | D:10     | Reached skill level 11 in Armour
  9061 | D:10     | Reached ***** piety under Beogh
  9214 | D:10     | Found a staircase to the Lair.
  9326 | D:10     | Noticed a two-headed ogre
  9333 | D:10     | Killed a two-headed ogre
  9358 | D:10     | Noticed Maggie
  9361 | D:10     | Killed Maggie
  9382 | D:10     | Reached skill level 12 in Armour
  9454 | D:10     | Noticed a two-headed ogre
  9455 | D:10     | Noticed Psyche
  9457 | D:10     | Killed Psyche
  9463 | D:10     | Killed a two-headed ogre
  9464 | D:10     | Reached XP level 11. HP: 37/101 MP: 10/16
  9562 | D:10     | Noticed Snorg
  9571 | D:10     | Killed Snorg
  9793 | D:11     | Noticed a boulder beetle
  9809 | D:11     | Killed a boulder beetle
  9966 | D:11     | Found a sacrificial altar of Ru.
 10155 | D:11     | Noticed a boulder beetle
 10167 | D:11     | Killed a boulder beetle
 10168 | D:11     | Reached skill level 13 in Armour
 10419 | D:11     | Noticed a cyclops
 10434 | D:11     | Killed a cyclops
 10485 | D:11     | Noticed a two-headed ogre
 10505 | D:11     | Killed a two-headed ogre
 10505 | D:11     | Gained Harm as an ally
 10898 | D:12     | Noticed a boulder beetle
 10901 | D:12     | Noticed a cyclops
 10908 | D:12     | Killed a cyclops
 10910 | D:12     | Killed a boulder beetle
 10952 | D:12     | Found Mair's Pet Rocks.
 11037 | D:12     | Noticed a two-headed ogre
 11046 | D:12     | Killed a two-headed ogre
 11114 | D:12     | Noticed a two-headed ogre
 11114 | D:12     | Noticed a death knight
 11122 | D:12     | Killed a two-headed ogre
 11123 | D:12     | Killed a death knight
 11124 | D:12     | Reached skill level 14 in Armour
 11224 | D:12     | Identified the +1 trident of Somec {freeze, *Slow rF+++
                  | rN+++ Will-}
 11224 | D:12     | Noticed a skeletal warrior
 11241 | D:12     | Killed a skeletal warrior
 11242 | D:12     | Reached XP level 12. HP: 79/113 MP: 18/18
 11350 | D:12     | Noticed a death knight
 11364 | D:12     | Killed a death knight
 11427 | D:12     | Found a runed translucent door.
 11427 | D:12     | Noticed mkat's ghost (journeyman DrMo)
 11673 | D:12     | Killed mkat's ghost
 11697 | D:12     | Got the Secrets of Stones
 11740 | D:13     | Found a gate to the Vaults.
 11740 | D:13     | Noticed a centaur warrior
 11740 | D:13     | Noticed a vault guard
 11740 | D:13     | Noticed a vault guard
 11740 | D:13     | Noticed a vault guard
 11740 | D:13     | Noticed a centaur warrior
 11746 | D:13     | Your ally Harm died
 11747 | D:13     | Killed a centaur warrior
 11748 | D:13     | Reached skill level 1 in Shields
 11752 | D:13     | Killed a centaur warrior
 11754 | D:13     | Killed a vault guard
 11755 | D:13     | Noticed a vault guard
 11763 | D:13     | Killed a vault guard
 11764 | D:13     | Reached skill level 10 in Invocations
 11873 | Orc:1    | Entered Level 1 of the Orcish Mines
 12102 | Orc:1    | Noticed nshep25's ghost (journeyman MiFi)
 12111 | Orc:1    | Found a runed translucent gate.
 12111 | Orc:1    | Found a runed translucent gate.
 12152 | Orc:1    | Found Ymoqav's Magic Scroll Emporium.
 12160 | Orc:1    | Bought a scroll of fear for 60 gold pieces
 12160 | Orc:1    | Bought a scroll of torment for 142 gold pieces
 12273 | Orc:1    | Found a runed translucent gate.
 12591 | Orc:1    | Killed nshep25's ghost
 12670 | Orc:2    | Entered Level 2 of the Orcish Mines
 12685 | Orc:2    | Noticed an ogre mage
 12710 | Orc:2    | Noticed an orc warlord
 12723 | Orc:2    | Killed an orc warlord
 12747 | Orc:2    | Noticed a two-headed ogre
 12754 | Orc:2    | Noticed a two-headed ogre
 12758 | Orc:2    | Killed a two-headed ogre
 12759 | Orc:2    | Reached skill level 15 in Armour
 12764 | Orc:2    | Noticed a two-headed ogre
 12766 | Orc:2    | Killed a two-headed ogre
 12776 | Orc:2    | Noticed a two-headed ogre
 12779 | Orc:2    | Killed a two-headed ogre
 12779 | Orc:2    | Noticed a two-headed ogre
 12783 | Orc:2    | Noticed a two-headed ogre
 12792 | Orc:2    | Killed an ogre mage
 12793 | Orc:2    | Noticed an ogre mage
 12796 | Orc:2    | Noticed a soul eater
 12798 | Orc:2    | Noticed an ogre mage
 12798 | Orc:2    | Noticed a two-headed ogre
 12805 | Orc:1    | Killed an ogre mage
 12847 | Orc:2    | Noticed a two-headed ogre
 12847 | Orc:2    | Noticed a two-headed ogre
 12847 | Orc:2    | Noticed a two-headed ogre
 12857 | Orc:1    | Killed a two-headed ogre
 12858 | Orc:1    | Reached XP level 13. HP: 64/124 MP: 21/21
 12906 | Orc:1    | Reached skill level 10 in Fighting
 13008 | Orc:1    | Reached skill level 1 in Evocations
 13188 | Temple   | Entered the Ecumenical Temple
 13258 | Temple   | Fell from the grace of Beogh
 13258 | Temple   | Became a worshipper of Makhleb the Destroyer
 13379 | Orc:2    | Found a staircase to the Elven Halls.
 13380 | Orc:2    | Found Etifad's Distillery.
 13380 | Orc:2    | Found Femutt's Weapon Emporium.
 13380 | Orc:2    | Found Oduele Qeni's General Store.
 13380 | Orc:2    | Found Afaaral's Jewellery Shop.
 13402 | Orc:2    | Bought a potion of ambrosia for 104 gold pieces
 13402 | Orc:2    | Bought a potion of heal wounds for 65 gold pieces
 13409 | Orc:2    | Slain by a two-headed ogre

Illustrated notes

Levels and vault maps discovered:
D:1:      onia_arrival_handbag, layout_basic, serial_forest,
          infiniplex_forest_lined_room_, infiniplex_forest_clump_diagonal,
          infiniplex_forest_end_3, infiniplex_forest_clump_double,
          infiniplex_forest_end_3, infiniplex_forest_clump_tiny,
          shapermc_ecumenical_altar_mp_vishouse, kennysheep_small_spiral,
          minmay_small_reverse_x
D:2:      layout_rooms, serial_forest, infiniplex_forest_straight_2,
          infiniplex_forest_clump_double, infiniplex_forest_zigzag_1,
          infiniplex_forest_lined_1, infiniplex_forest_straight_2,
          infiniplex_forest_end_1
D:3:      layout_basic, kennysheep_generic_room_12
D:4:      nicolae_BIG_FREAKIN_CUBE, layout_cave_pools, uniq_eustachio
D:5:      layout_loops_ring, minmay_temple_entry_glass,
          minmay_gold_behind_fungi, uniq_blork_the_orc
D:6:      layout_cave_pools, corexii_corridor_pit
D:7:      layout_layer_cave, minmay_microvault
D:8:      layout_basic, mainiacjoe_overflow_surrounded_room
D:9:      layout_stronghold, minmay_orc_entry_guard_dogs, glass_columns_c
D:10:     layout_roguey, erik_lair_dragon, grunt_ministairs_15, uniq_snorg,
          uniq_maggie, uniq_psyche
D:11:     layout_loops_corners, nicolae_ru_awakened_eye
D:12:     cheibrodos_tormentor_scu, layout_basic, hellmonk_ghost_big_iron,
          guppyfry_shop_earth
D:13:     layout_basic, lightli_vaults_fourway_checkpoint, serial_glass,
          glass_columns_c, glass_columns_c
Temple:   nicolae_temple_bog_church
Orc:1:    layout_caves, gammafunk_ghost_split, serial_shops,
          nicolae_shop_behind_doors
Orc:2:    st_orc_ogre_mass, layout_caves

Skill      XL: |  1  2  3  4  5  6  7  8  9 10 11 12 13 |
---------------+----------------------------------------+-----
Fighting       | 4 5 6 7 8 9 10 | 10.2
Armour         | 1 2 3 4 5 7 10 12 14 15 | 15.4
Axes           | 5 6 7 8 9 10 12 13 | 13.7
Invocations    | 1 2 3 4 5 6 7 9 11 | 11.5
Dodging        | 3 4 |  4.6
Shields        | 3 4 |  4.7
Evocations     | 1 |  1.5
Stealth        | |  1.5

Action                   |  1- 3 |  4- 6 |  7- 9 | 10-12 | 13-15 || total
-------------------------+-------+-------+-------+-------+-------++-------
Melee: Hand axe          |   109 |   116 |   239 |   519 |    47 ||  1030
       Punch             |       |       |     2 |     6 |       ||     8
Invok: Smiting           |       |     1 |     3 |    18 |     3 ||    25
       Recall Orcish Fol |       |       |     1 |     5 |     3 ||     9
Evoke: Wand              |       |       |       |     3 |    20 ||    23
  Use: Scroll            |     5 |     3 |     9 |     4 |     5 ||    26
       Potion            |     4 |     2 |     6 |     3 |     4 ||    19
 Stab: Sleeping          |     3 |       |       |       |       ||     3
       Distracted        |       |     1 |     2 |     5 |       ||     8
       Confused          |       |       |       |     2 |       ||     2
       Invisible         |       |       |       |       |     4 ||     4
Armor: Robe              |    10 |       |       |       |       ||    10
       Leather armour    |    11 |       |       |       |       ||    11
       Ring mail         |     3 |    10 |       |       |       ||    13
       Chain mail        |       |    57 |   116 |   272 |    11 ||   456
Dodge: Dodged            |    75 |    50 |    78 |   225 |    37 ||   465
Block: Buckler           |       |       |       |    48 |    17 ||    65
